 Dungeon Crawl Stone Soup version 0.29.1-1-gd02db6906a (webtiles) character file.

Game seed: 2650515542153449602

32 Iusername the Shield-Bearer (level 3, -2/35 HPs)
             Began as a Gnoll Fighter on Sept 20, 2022.
             Slain by an iguana (4 damage)
             ... on level 2 of the Dungeon on Sept 21, 2022.
             The game lasted 00:02:46 (1056 turns).

Iusername the Shield-Bearer (Gnoll Fighter)         Turns: 1056, Time: 00:02:47

Health: -2/35      AC:  7    Str: 16    XL:     3   Next: 27%
Magic:  4/4        EV:  9    Int: 11    God:
Gold:   86         SH:  5    Dex: 10    Spells: 3/3 levels left

rFire   . . .      SeeInvis .   a - +0 long sword
rCold   . . .      Faith    .   c - +0 buckler
rNeg    . . .      Spirit   .   b - +0 scale mail
rPois   .          Reflect  .   (helmet restricted)
rElec   .          Harm     .   (no cloak)
rCorr   .          Rampage  .   (no gloves)
Will    .....      Rage     3%  (no boots)
Stlth   ..........              (no amulet)
HPRegen 0.11/turn               (no ring)
MPRegen 0.09/turn               (no ring)

@: no status effects
A: fangs 1, strong nose, distributed training, antennae 1, berserk 1, clever 1
a: no special abilities


You were on level 2 of the Dungeon.
You visited 1 branch of the dungeon, and saw 2 of its levels.

You collected 86 gold pieces.

Inventory:

Hand Weapons
 a - a +0 long sword (weapon)
Armour
 b - a +0 scale mail (worn)
 c - a +0 buckler (worn)
Scrolls
 g - a scroll of magic mapping {unknown}
 h - 2 scrolls of identify {unknown}
 i - a scroll of poison {unknown}
 j - a scroll of teleportation {unknown}
Potions
 d - 2 potions of might
 f - a potion of curing {unknown}


   Skills:
 + Level 6.5 Fighting
 + Level 0.7 Short Blades
 + Level 4.5 Long Blades
 + Level 0.7 Axes
 + Level 0.7 Maces & Flails
 + Level 0.7 Polearms
 + Level 0.7 Staves
 + Level 0.7 Ranged Weapons
 + Level 0.7 Throwing
 + Level 6.5 Armour
 + Level 0.7 Dodging
 + Level 0.7 Stealth
 + Level 6.5 Shields
 + Level 0.7 Unarmed Combat
 + Level 0.7 Spellcasting
 + Level 0.5 Conjurations
 + Level 0.5 Hexes
 + Level 0.5 Summonings
 + Level 0.5 Necromancy
 + Level 0.5 Translocations
 + Level 0.5 Transmutations
 + Level 0.5 Fire Magic
 + Level 0.5 Ice Magic
 + Level 0.5 Air Magic
 + Level 0.5 Earth Magic
 + Level 0.5 Poison Magic
 + Level 0.9 Invocations
 + Level 0.7 Evocations


You had 3 spell levels left.
You didn't know any spells.
Your spell library was empty.

Dungeon Overview and Level Annotations

Branches:
Dungeon (2/15)

Altars:

Shops:
D:1 [*(


Innate Abilities, Weirdness & Mutations

You have very sharp teeth.
Your uncanny sense of smell can sniff out nearby items.
Your experience applies equally to all skills.
You have a pair of small antennae on your head.
You sometimes lose your temper in combat.
Your mind is acute. (Int +4, Str/Dex -1)


Message History

You completely miss the iguana. The iguana bites you!
You block the rat's attack.
You hit the iguana but do no damage. The iguana barely misses you.
The rat bites you but does no damage. The iguana barely misses you.
The rat barely misses you. The kobold barely misses you.
You closely miss the iguana. The kobold hits you but does no damage.
The iguana bites you! You block the rat's attack.
You closely miss the iguana. You block the kobold's attack.
The iguana bites you. The rat bites you.
You are too injured to fight recklessly!
You see here a +0 robe.
The kobold hits you with a +0 dagger.
You are too injured to fight recklessly!
You closely miss the iguana. The kobold hits you but does no damage.
The iguana misses you.
You closely miss the iguana. You bite the iguana, but do no damage.
You block the kobold's attack. The iguana bites you!
* * * LOW HITPOINT WARNING * * *
You see here a scroll labelled CEFOUD UVVYHIS.
You hit the kobold but do no damage. You bite the kobold, but do no damage.
The kobold barely misses you. The kobold hits you but does no damage.
You barely miss the kobold. The kobold hits you with a +0 dagger.
* * * LOW HITPOINT WARNING * * *
You miss the kobold. You block the kobold's attack.
You hit the kobold but do no damage. You block the kobold's attack.
You hit the kobold.
The kobold is heavily wounded.
The kobold barely misses you. x2
You hit the kobold.
You kill the kobold!
You barely miss the iguana. The iguana closely misses you.
You closely miss the iguana.
The iguana bites you but does no damage.
You barely miss the iguana.
The iguana bites you but does no damage.
It was a potion of mutation.
You feel extremely strange.
You feel clever.
You feel a little pissed off. A pair of antennae grows on your head!
The iguana bites you.
You die...

.... ∆ #..#
∆##..#####.
#...#....!
#.........
#....)....
#r........
#l#...(...
###@#.......
..#.#.......
#.#.#....?..
∆
#.#.#######.
#.#.#
#####.#.# ##
#.......# #.
#.......# #.
#..)....+ #.


You could see an iguana and a rat.

Vanquished Creatures
  An adder (D:2)
  An endoplasm (D:1)
  3 giant cockroaches (D:1)
  A goblin (D:1)
  3 hobgoblins
  2 jackals (D:1)
  2 ball pythons (D:1)
  A bat (D:1)
  3 frilled lizards (D:1)
  3 kobolds
  3 rats
23 creatures vanquished.

Notes
Turn   | Place    | Note
-------+----------+-------------------------------------------
     0 | D:1      | Iusername the Gnoll Fighter began the quest for the Orb.
     0 | D:1      | Reached XP level 1. HP: 23/23 MP: 1/1
    57 | D:1      | Reached XP level 2. HP: 25/29 MP: 2/2
   266 | D:1      | Found Areshrone's Armour Shop.
   443 | D:1      | Found Ycefutt's General Store.
   447 | D:1      | Found Ifez's Weapon Emporium.
   743 | D:2      | Reached XP level 3. HP: 28/35 MP: 2/4
  1048 | D:2      | HP: 1/35 [kobold/+0 dagger (1)]
  1056 | D:2      | Gained mutation: Your mind is acute. (Int +4, Str/Dex -1)
                  | [potion of mutation]
  1056 | D:2      | Gained mutation: You sometimes lose your temper in combat.
                  | [potion of mutation]
  1056 | D:2      | Gained mutation: You have a pair of small antennae on your
                  | head. [potion of mutation]
  1056 | D:2      | Slain by an iguana

Illustrated notes

Levels and vault maps discovered:
D:1:      dpeg_arrival_ternary, layout_rooms, serial_shops, shop_fountains,
          nicolae_shop_stone, shop
D:2:      layout_basic, serial_shops, nicolae_shop_stone, uniq_robin

Action                   || total
-------------------------++-------
Melee: Long sword        ||    70
       Bite              ||     5
  Use: Potion            ||     1
Armor: Scale mail        ||    33
Dodge: Dodged            ||    38
Block: Buckler           ||    25
